 Dungeon Crawl Stone Soup version 0.19.1-1-g22dce08 (webtiles) character file.

31971 RUZZLEFAZAZZLE the Spear-Bearer (level 13, -16/122 HPs)
             Began as a Minotaur Berserker on Jan 19, 2017.
             Was an Elder of Trog.
             Demolished by a phantasmal warrior (23 damage)
             ... led by a death knight
             ... on level 14 of the Dungeon.
             The game lasted 00:45:37 (12503 turns).

RUZZLEFAZAZZLE the Spear-Bearer (MiBe)             Turns: 12503, Time: 00:45:38

Health: -16/122    AC: 19    Str: 30    XL:     13   Next: 28%
Magic:  12/12      EV: 16    Int:  4    God:    Trog [****..]
Gold:   1204       SH:  0    Dex: 12    Spells: 0 memorised, 12 levels left

rFire  . . .     SeeInvis .     y - +9 glaive of Gallantry {drain, rElec Str+5}
rCold  . . .     Gourm    .     b - +0 plate armour
rNeg   . . .     Faith    .     (shield currently unavailable)
rPois  +         Spirit   .     (helmet restricted)
rElec  +         Reflect  .     x - +0 cloak
rCorr  .         Harm     .     (no gloves)
MR     .....                    p - +0 pair of boots
Stlth  ..........               (no amulet)
                                E - +2 ring of evasion
                                A - ring of poison resistance

@: vulnerable
A: retaliatory headbutt, horns 2
a: Berserk, Trog's Hand, Brothers in Arms, Burn Spellbooks, Renounce Religion


You were on level 14 of the Dungeon.
You worshipped Trog.
Trog was greatly pleased with you.
You were near starving.

You visited 3 branches of the dungeon, and saw 17 of its levels.

You collected 1204 gold pieces.

Inventory:

Hand Weapons
 y - the +9 glaive of Gallantry (weapon) {drain, rElec Str+5}
   (You found it on level 5 of the Dungeon)

   A truly terrible weapon, it drains the life of those it strikes.
   It affects your strength (+5).
   It insulates you from electricity.
Armour
 b - a +0 plate armour (worn)
 k - a +2 ring mail of poison resistance
 p - a +0 pair of boots (worn)
 x - a +0 cloak (worn)
 I - a +0 troll leather armour
 M - a +3 leather armour of cold resistance
Jewellery
 e - an uncursed ring of positive energy
 A - a ring of poison resistance (left hand)
 E - a +2 ring of evasion (right hand)
Scrolls
 f - a scroll of brand weapon {unknown}
 i - a scroll of fog {unknown}
 l - 2 scrolls of enchant weapon
 m - 3 scrolls of remove curse
 o - 7 scrolls of teleportation {unknown}
 q - 3 scrolls of noise {unknown}
 u - 2 scrolls of recharging
 C - a scroll of fear {unknown}
 D - 2 scrolls of magic mapping {unknown}
 G - a scroll of identify
 H - a scroll of blinking {unknown}
 K - 2 scrolls of immolation {unknown}
 L - 2 scrolls of enchant armour {unknown}
 S - a scroll of silence {unknown}
 U - a scroll of torment {unknown}
 X - a scroll of vulnerability {unknown}
Potions
 d - 2 potions of invisibility
 h - a potion of mutation
 j - 3 potions of lignification
 r - a potion of cancellation
 s - 3 potions of berserk rage {unknown}
 t - 5 potions of heal wounds {unknown}
 v - 3 potions of flight {unknown}
 w - a potion of magic {unknown}
 B - 2 potions of haste {unknown}
 N - a potion of cure mutation {unknown}
 P - 4 potions of degeneration {unknown}
 W - a potion of agility {unknown}
Comestibles
 c - 9 bread rations
 g - 8 meat rations
 n - 18 fruits
 z - a beef jerky


   Skills:
 + Level 13.4 Fighting
 + Level 14.1 Polearms
 + Level 13.3 Armour
 + Level 12.4 Dodging
   Level 1.9 Shields


You had 12 spell levels left.
You didn't know any spells.

Dungeon Overview and Level Annotations

Branches:
Dungeon (15/15)            Temple (0/1) D:5            Lair (1/6) D:10
    Orc (1/2) D:11         Vaults (0/5) D:13
 Depths: D:15

Altars:
Cheibriados
Dithmenos
Elyvilon
Fedhas
Gozag
Hepliaklqana
Makhleb
Ru
Sif Muna
Uskayaw
Zin
The Shining One


Innate Abilities, Weirdness & Mutations

You reflexively headbutt those who attack you in melee.
You have a pair of horns on your head.


Message History

The brown ugly thing tentacle-slaps your ogre!
Your ogre dies!
Your ogre's corpse disappears in a puff of smoke!
You climb upwards.
There is a stone staircase leading down here.
You feel better.
The hill giant hits you with a giant club!
* * * LOW HITPOINT WARNING * * *
The phantasmal warrior barely misses you.
You feel better.
The death knight invokes the aid of Yredelemnul against you.
Your body is wracked with pain!
* * * LOW HITPOINT WARNING * * *
The hill giant misses you.
The phantasmal warrior hits you but does no damage.
You feel better.
The death knight hits you with a broad axe.
* * * LOW HITPOINT WARNING * * *
The hill giant closely misses you. The phantasmal warrior hits you!!
You die...

#....<..##........# #..# #.# #
#.......##........# #..# #.# #
........##........# #..# #.# #
...##...##........# #..# #.# #
...##...##........# #..# #.# #
#..##...##........###..# #.# #
#..##...##............)# #.# #
#..##...##.....Cp......# #.# #
#..##...........@W.##..#####.####
#..##..............##..(.........
#..##..............##........###.
#..##......######..##..####..# #.
#..##......# #..##..# #..# #.
#..##......# #..##..# #..# #.
#..##......# #..##..# #..# #.
#..##......# #..##..# #..# #.
#..##...>..# #..##..# #..# #.


You could see a death knight, a hill giant and a phantasmal warrior.

Vanquished Creatures
  The ghost of Kloppie the Carver, a journeyman DrBe of Trog (D:10)
  The ghost of fatfloppyjuicyveiny the Markscentaur, a journeyman CeHu of Okawaru (D:13)
  Fannar (D:10)
  Harold (D:10)
  The ghost of Schimscham the Tainter, a journeyman NaWz of Sif Muna (D:9)
  The ghost of fatfloppyjuicyveiny the Markscentaur, a journeyman CeHu of Okawaru (D:11)
  A centaur warrior (D:13)
  The ghost of soukkis the Basher, a novice MiBe of Trog (D:7)
  A skeletal warrior (D:13)
  2 unseen horrors (D:11)
  4 hill giants
  A phantasmal warrior (D:15)
  The ghost of fatfloppyjuicyveiny the Quickloader, a novice KoHu of Okawaru (D:8)
  An orc knight (D:13)
  2 manticores
  4 ugly things
  A cyclops (D:11)
  Maurice (D:10)
  2 gargoyles
  A komodo dragon (D:14)
  3 yaktaurs (D:13)
  An efreet (D:13)
  3 trolls
  3 two-headed ogres
  Grinder (D:6)
  9 hippogriffs
  A wraith (D:9)
  14 yaks
  2 shadows
  3 wyverns
  The ghost of bosm the Changer, an amateur DDTm of Makhleb (D:4)
  6 vampire mosquitoes (D:13)
  A steam dragon (D:13)
  2 hungry ghosts
  Menkaure (D:6)
  Edmund (D:6)
  A water moccasin (D:10)
  5 sky beasts
  5 ice beasts
  2 phantoms
  7 orc warriors
  A necrophage (D:6)
  8 ogres
  9 centaurs
  3 big kobolds (D:13)
  5 bullfrogs
  A wyvern skeleton (D:13)
  A scorpion (D:6)
  5 killer bees (D:12)
  10 wights
  3 howler monkeys
  3 electric eels (D:8)
  6 crimson imps
  2 bullfrog zombies
  A centaur zombie (D:6)
  A quasit (D:8)
  6 hounds
  6 jellies
  8 orc wizards
  6 centaur skeletons
  11 orc priests
  Crazy Yiuf (D:5)
  4 bullfrog skeletons
  Jessica (D:2)
  3 iguanas
  10 worker ants
  A killer bee zombie (D:8)
  A hound zombie (D:9)
  A worker ant zombie (D:9)
  3 gnolls (D:5)
  9 adders
  3 shadow imps
  An ooze (D:4)
  An adder skeleton (D:9)
  2 worms
  2 dart slugs
  5 leopard geckos
  42 orcs
  7 giant cockroaches
  11 goblins
  4 hobgoblins
  9 jackals
  8 quokkas
  3 ball pythons (D:1)
  6 bats
  7 frilled lizards
  A jackal skeleton (D:6)
  4 kobolds
  3 rats
  A plant (D:1)
351 creatures vanquished.

Vanquished Creatures (collateral kills)
  An ugly thing (D:15)
  A deep elf mage (D:13)
  A kobold demonologist (D:11)
  A yaktaur (D:13)
  9 orc warriors
  A boggart (D:13)
  A big kobold (D:13)
  A wyvern skeleton (D:13)
  4 orc priests
  An orc wizard (D:11)
  A shadow imp (D:15)
  18 orcs
40 creatures vanquished.

Grand Total: 391 creatures vanquished

Notes
Turn   | Place    | Note
-------+----------+-------------------------------------------
     0 | D:1      | RUZZLEFAZAZZLE the Minotaur Berserker began the quest for the Orb.
     0 | D:1      | Reached XP level 1. HP: 19/19 MP: 0/0
    32 | D:1      | Reached skill level 4 in Polearms
   303 | D:1      | Reached XP level 2. HP: 26/26 MP: 1/1
   664 | D:2      | Found a hazy altar of Hepliaklqana.
   665 | D:2      | Found a snail-covered altar of Cheibriados.
   665 | D:2      | Found a shadowy altar of Dithmenos.
   668 | D:2      | Found a sacrificial altar of Ru.
   668 | D:2      | Noticed Jessica
   675 | D:2      | Killed Jessica
   675 | D:2      | Reached skill level 5 in Polearms
   675 | D:2      | Reached XP level 3. HP: 27/31 MP: 2/2
   994 | D:2      | Reached ** piety under Trog
  1238 | D:2      | Reached skill level 6 in Polearms
  1238 | D:2      | Reached XP level 4. HP: 39/39 MP: 3/3
  1413 | D:2      | Found a glowing golden altar of the Shining One.
  1413 | D:2      | Found a glowing silver altar of Zin.
  1414 | D:2      | Found a white marble altar of Elyvilon.
  2260 | D:4      | Reached XP level 5. HP: 46/46 MP: 4/4
  2433 | D:4      | Reached *** piety under Trog
  2455 | D:4      | Noticed bosm's ghost (amateur DDTm)
  2463 | D:4      | Killed bosm's ghost
  2463 | D:4      | Reached XP level 6. HP: 55/55 MP: 5/5
  2971 | D:4      | Reached skill level 5 in Fighting
  2974 | D:4      | Found a blossoming altar of Fedhas.
  3118 | D:5      | Entered Level 5 of the Dungeon
  3126 | D:5      | Reached skill level 7 in Polearms
  3205 | D:5      | Reached XP level 7. HP: 49/61 MP: 6/6
  3401 | D:5      | Found a staircase to the Ecumenical Temple.
  3449 | D:5      | Found a runed door.
  3498 | D:5      | Noticed Crazy Yiuf
  3506 | D:5      | Killed Crazy Yiuf
  3555 | D:5      | Reached skill level 5 in Armour
  3566 | D:5      | Got a pitted glaive
  3567 | D:5      | Identified the +9 glaive of Gallantry {drain, rElec Str+5} (You found it on level 5 of the Dungeon)
  3834 | D:5      | Reached skill level 5 in Dodging
  3998 | D:5      | Reached XP level 8. HP: 70/70 MP: 7/7
  4033 | D:6      | Noticed Edmund
  4039 | D:6      | Killed Edmund
  4066 | D:6      | Noticed a hand axe
  4068 | D:6      | Noticed a dagger
  4069 | D:6      | Found a hide-covered altar of Uskayaw.
  4075 | D:6      | Reached skill level 8 in Polearms
  4246 | D:6      | Noticed Menkaure
  4533 | D:6      | Killed Menkaure
  4533 | D:6      | Reached **** piety under Trog
  4625 | D:6      | Noticed Grinder
  4632 | D:6      | Killed Grinder
  5073 | D:7      | Reached XP level 9. HP: 78/78 MP: 8/8
  5093 | D:7      | Noticed soukkis's ghost (novice MiBe)
  5100 | D:7      | Killed soukkis's ghost
  5100 | D:7      | Reached skill level 9 in Polearms
  5388 | D:7      | Found a deep blue altar of Sif Muna.
  5533 | D:7      | Found a burning altar of Makhleb.
  5573 | D:7      | Found an opulent altar of Gozag.
  5997 | D:8      | Reached ***** piety under Trog
  6101 | D:8      | Noticed fatfloppyjuicyveiny's ghost (novice KoHu)
  6109 | D:8      | Killed fatfloppyjuicyveiny's ghost
  6109 | D:8      | Reached skill level 10 in Polearms
  6332 | D:8      | Reached XP level 10. HP: 90/90 MP: 9/9
  6522 | D:8      | Found a burning altar of Makhleb.
  6522 | D:8      | Noticed a balrug
  7059 | D:9      | Noticed Schimscham's ghost (journeyman NaWz)
  7073 | D:9      | Killed Schimscham's ghost
  7175 | D:9      | Reached skill level 11 in Polearms
  7195 | D:9      | Reached skill level 10 in Fighting
  7400 | D:9      | Reached skill level 10 in Armour
  7697 | D:10     | Entered Level 10 of the Dungeon
  7697 | D:10     | Noticed Fannar
  7702 | D:10     | Killed Fannar
  7702 | D:10     | Reached skill level 1 in Shields
  7702 | D:10     | Reached XP level 11. HP: 100/100 MP: 10/10
  7899 | D:10     | Found a staircase to the Lair.
  7915 | D:10     | Noticed Kloppie's ghost (journeyman DrBe)
  7935 | D:10     | Killed Kloppie's ghost
  8164 | Lair:1   | Entered Level 1 of the Lair of Beasts
  8214 | D:10     | Noticed Harold
  8227 | D:10     | Killed Harold
  8283 | D:10     | Reached skill level 10 in Dodging
  8381 | D:10     | Noticed Maurice
  8390 | D:10     | Killed Maurice
  8577 | D:10     | Reached skill level 12 in Polearms
  8690 | D:11     | Killed an unseen horror
  8785 | D:11     | Found a staircase to the Orcish Mines.
  8845 | Orc:1    | Entered Level 1 of the Orcish Mines
  8985 | D:11     | Noticed fatfloppyjuicyveiny's ghost (journeyman CeHu)
  8987 | D:11     | Noticed a brown ugly thing
  8990 | D:11     | Killed fatfloppyjuicyveiny's ghost
  8997 | D:11     | Killed a brown ugly thing
  8999 | D:11     | Reached XP level 12. HP: 111/111 MP: 11/11
  9003 | D:11     | Received a gift from Trog
  9511 | D:12     | Reached skill level 13 in Polearms
 10197 | D:12     | Got a fine scale mail
 10693 | D:13     | Noticed a centaur warrior
 10700 | D:13     | Killed a centaur warrior
 11115 | D:13     | Received a gift from Trog
 11200 | D:13     | Noticed fatfloppyjuicyveiny's ghost (journeyman CeHu)
 11215 | D:13     | Killed fatfloppyjuicyveiny's ghost
 11311 | D:13     | Reached XP level 13. HP: 121/121 MP: 12/12
 11639 | D:13     | Found a gate to the Vaults.
 11882 | D:14     | Reached skill level 14 in Polearms
 12488 | D:15     | Entered Level 15 of the Dungeon
 12501 | D:14     | HP: 2/122 [hill giant/giant club (13)]
 12503 | D:14     | Demolished by a phantasmal warrior

Skill      XL: |  1  2  3  4  5  6  7  8  9 10 11 12 13 |
---------------+----------------------------------------+-----
Polearms       | 4 5 6 7 8 10 11 12 13 14 | 14.1
Fighting       | 4 5 6 7 9 10 11 13 | 13.4
Armour         | 3 4 5 7 8 10 11 12 13 | 13.3
Dodging        | 3 4 5 6 8 9 10 12 | 12.4
Shields        | 1 |  1.9

Action                   |  1- 3 |  4- 6 |  7- 9 | 10-12 | 13-15 || total
-------------------------+-------+-------+-------+-------+-------++-------
Melee: Spear             |   112 |   150 |    49 |       |       ||   311
       Headbutt          |    17 |    16 |    27 |    61 |    12 ||   133
       Glaive            |       |       |   137 |   362 |    67 ||   566
Invok: Berserk           |       |     1 |     6 |    11 |       ||    18
       Brothers in Arms  |       |       |       |     5 |     5 ||    10
       Burn Spellbooks   |       |       |       |     1 |       ||     1
Evoke: Wand              |       |       |       |     2 |       ||     2
       Box of beasts     |       |       |       |       |     1 ||     1
  Use: Scroll            |       |     5 |     3 |     4 |       ||    12
       Potion            |       |       |       |       |     3 ||     3
  Eat: Chunk             |     1 |     6 |    10 |    19 |     1 ||    37
       Beef jerky        |       |     1 |     1 |     5 |     2 ||     9
       Pizza             |       |       |     1 |     2 |       ||     3
       Fruit             |       |       |     1 |       |       ||     1
Armor: Chain mail        |    18 |       |       |       |       ||    18
       Animal skin       |     1 |       |       |       |       ||     1
       Ring mail         |     5 |    24 |    13 |       |       ||    42
       Plate armour      |       |       |    23 |   166 |    24 ||   213
Dodge: Dodged            |    22 |    56 |    61 |   208 |    44 ||   391
